 Dungeon Crawl Stone Soup version 0.27-a0-553-ge0ab5a2769 (webtiles) character file.

Game seed: 11486869929806211099

61 Chiseanne the Magician (level 3, -4/24 HPs)
             Began as a Demonspawn Hedge Wizard on Mar 8, 2021.
             Slain by a bullfrog (5 damage)
             ... on level 4 of the Dungeon.
             The game lasted 00:03:20 (2096 turns).

Chiseanne the Magician (Demonspawn Hedge Wizard)    Turns: 2096, Time: 00:03:21

Health: -4/24      AC:  2    Str: 10    XL:     3   Next: 83%
Magic:  0/8        EV: 12    Int: 16    God:
Gold:   68         SH:  0    Dex: 12    Spells: 3/9 levels left

rFire    . . .     SeeInvis .   a - +0 short sword
rCold    . . .     Faith    .   (no shield)
rNeg     . . .     Spirit   .   b - +0 robe
rPois    .         Reflect  .   c - +0 hat
rElec    .         Harm     .   (no cloak)
rCorr    +         Rampage  .   (no gloves)
Will     .....                  (no boots)
Stlth    ++........             (no amulet)
HPRegen  0.08/turn              g - ring of resist corrosion
MPRegen  0.11/turn              (no ring)

@: lethally poisoned (-4 -> -8), very slightly contaminated
A: powered by death 2
a: no special abilities


You were on level 4 of the Dungeon.
You visited 1 branch of the dungeon, and saw 4 of its levels.

You collected 68 gold pieces.

Inventory:

Hand Weapons
 a - a +0 short sword (weapon)
Missiles
 d - 17 arrows
 e - 46 stones
 n - 6 boomerangs
 o - 31 bolts
Armour
 b - a +0 robe (worn)
 c - a +0 hat (worn)
Jewellery
 g - a ring of resist corrosion (left hand)
Wands
 l - a wand of mindburst (15)
 m - a wand of charming (7)
Scrolls
 j - a scroll of enchant weapon {unknown}
 p - a scroll of identify
 q - a scroll of teleportation
Potions
 f - a potion of heal wounds
 h - a potion of brilliance {unknown}
 i - a potion of haste {unknown}
 k - a potion of resistance {unknown}


   Skills:
 - Level 1.7 Dodging
 - Level 1.7 Stealth
 - Level 3.6 Spellcasting
 * Level 2.5 Conjurations
 - Level 1.0 Summonings
 - Level 0.8 Translocations
 * Level 0.6 Air Magic
 * Level 0.6 Poison Magic


You had 3 spell levels left.
You knew the following spells:

 Your Spells              Type           Power      Damage    Failure   Level
a - Magic Dart            Conj           44%        1d5       6%          1
b - Blink                 Tloc           N/A        N/A       19%         2
d - Mephitic Cloud        Conj/Pois/Air  7%         N/A       30%         3

Your spell library contained the following spells:

 Spells                   Type           Power      Damage    Failure   Level
 Call Imp                 Summ           6%         N/A       17%         2
 Slow                     Hex            2%         N/A       26%         2
 Conjure Flame            Conj/Fire      7%         6-21      30%         3


Dungeon Overview and Level Annotations

Branches:
Dungeon (4/15)
 Temple: D:4-7

Altars:
Nemelex Xobeh
Trog
Wu Jian
The Shining One

Annotations:
D:2 Sigmund


Innate Abilities, Weirdness & Mutations

You regenerate health from kills.


Message History

Aim: an adder (severely wounded, 0% to evade)
The magic dart hits the adder.
You kill the adder!
You feel sick.
The bullfrog hits you but does no damage.
Casting: Magic Dart (safe; 6% risk of failure)
Confirm with . or Enter, or press ? or * to list all spells.
Aiming: Magic Dart (safe; 6% risk of failure)
Press: ? - help, Shift-Dir - straight line, f - bullfrog
Aim: a bullfrog (0% to evade)
The magic dart hits the bullfrog.
The bullfrog is lightly wounded.
The bullfrog misses you. The bullfrog hits you.
Casting: Magic Dart (safe; 6% risk of failure)
Confirm with . or Enter, or press ? or * to list all spells.
Aiming: Magic Dart (safe; 6% risk of failure)
Press: ? - help, Shift-Dir - straight line, f/p - bullfrog
Aim: a bullfrog (lightly wounded, 0% to evade)
You miscast Magic Dart.
You are very lightly contaminated with residual magic.
Nothing appears to happen.
The bullfrog barely misses you.
Casting: Magic Dart (safe; 6% risk of failure)
Confirm with . or Enter, or press ? or * to list all spells.
Aiming: Magic Dart (safe; 6% risk of failure)
Press: ? - help, Shift-Dir - straight line, f/p - bullfrog
Aim: a bullfrog (lightly wounded, 0% to evade)
The magic dart hits the bullfrog.
The bullfrog is lightly wounded.
You feel sick.
The bullfrog hits you but does no damage.
The bullfrog hits you.
Casting: Magic Dart (safe; 6% risk of failure)
Confirm with . or Enter, or press ? or * to list all spells.
You don't have enough magic to cast this spell.
You closely miss the bullfrog.
The bullfrog is lightly wounded.
The bullfrog hits you!
* * * LOW HITPOINT WARNING * * *
The bullfrog hits you.
You die...

(.. ..# ..##
... ..# ..#
###.####.######
.......@......#
......†F#####..
.........
........##
........#
........#
#########


You could see a bullfrog.

Vanquished Creatures
  3 adders
  A worm (D:3)
  A dart slug (D:2)
  An orc (D:3)
  A ball python (D:2)
  A giant cockroach (D:1)
  4 goblins
  2 hobgoblins
  3 kobolds
  A quokka (D:2)
  6 bats
  2 frilled lizards
  4 rats
30 creatures vanquished.

Notes
Turn   | Place    | Note
-------+----------+-------------------------------------------
     0 | D:1      | Chiseanne the Demonspawn Hedge Wizard began the quest for
                  | the Orb.
     0 | D:1      | Reached XP level 1. HP: 13/13 MP: 4/4
   376 | D:1      | Gained mutation: You regenerate a little health from kills.
                  | [demonic ancestry]
   376 | D:1      | Reached XP level 2. HP: 19/19 MP: 1/6
   729 | D:1      | Learned a level 2 spell: Blink
  1166 | D:2      | Gained mutation: You regenerate health from kills. [demonic
                  | ancestry]
  1166 | D:2      | Reached XP level 3. HP: 8/24 MP: 0/8
  1555 | D:2      | Found an ornate altar of the Wu Jian Council.
  1593 | D:2      | Found a sparkling altar of Nemelex Xobeh.
  1621 | D:2      | Found a bloodstained altar of Trog.
  1694 | D:2      | Noticed Sigmund
  1887 | D:3      | Learned a level 3 spell: Mephitic Cloud
  2089 | D:4      | Noticed a bullfrog
  2096 | D:4      | HP: 1/24 [bullfrog (8)]
  2096 | D:4      | Slain by a bullfrog

Illustrated notes

Levels and vault maps discovered:
D:1:      evilmike_arrival_come_back, layout_rooms
D:2:      layout_loops_ring, lemuel_crystal_altar, lemuel_round_altar,
          nemelex_xobeh_ov_fountains_minmay, bloody_trog, uniq_sigmund,
          uniq_natasha
D:3:      layout_rooms, lemuel_crystal_altar, marbit_many_paths
D:4:      layout_rooms, gammafunk_ghost_abyssal_escape, uniq_robin

Skill      XL: |  1  2 |
---------------+-------+-----
Conjurations   | 2 |  2.5
Dodging        | |  1.7
Stealth        | |  1.7
Spellcasting   | |  3.6
Summonings     | |  1.0
Translocations | |  0.8
Air Magic      | |  0.6
Poison Magic   | |  0.6

Action                   || total
-------------------------++-------
Melee: Dagger            ||    12
       Short sword       ||    27
 Cast: Magic Dart        ||    74
  Use: Scroll            ||     5
       Potion            ||     1
Armor: Robe              ||     7
Dodge: Dodged            ||    38

Table legend: (Time is in decaauts)
 A = Elapsed time spent in this place.
 B = Non-inter-level travel time spent in this place.
 C = Inter-level travel time spent in this place.
 D = Time resting spent in this place.
 E = Time spent auto-exploring this place.
 F = Levels seen in this place.
 G = Mean time per level.
                   A        B        C        D        E       F      G
               +--------+--------+--------+--------+--------+-----+--------+
         Total |   2098 |   2079 |     19 |    944 |    852 |   4 |  524.5 |
       Dungeon |   2098 |   2079 |     19 |    944 |    852 |   4 |  524.5 |
               +--------+--------+--------+--------+--------+-----+--------+

Top non-repeatable levels by time:
     D:1: 907 daAuts
     D:2: 805 daAuts
     D:3: 377 daAuts
     D:4: 7 daAuts
